Map: World of Sleepers LE

Players

Silky - Winner!

  • Race: Zerg Zerg
  • Spawn Location: 7:00

Hellraiser

  • Race: Protoss Protoss
  • Spawn Location: 1:00

VOD

Have the link to the VOD?

Description

Time

  • Played on: Sept. 6, 2019, 1:29 p.m.
  • Length: 8:28
Show
View Real Time Build Order
Export as new Build Order

Silky Zerg - Winner!

Build Orders: Hatch First, Lurkers 

Get SALT Encoding   

  12  0:00  Drone  
  13  0:12  Overlord  
  13  0:16  Drone  
  14  0:31  Drone x2  
  16  0:47  Hatchery  
  15  0:51  Drone  
  15  0:54  Drone  
  17  0:57  Drone  
  18  1:08  Extractor  
  17  1:13  Spawning Pool  
  17  1:16  Drone  
  17  1:19  Drone  
  18  1:30  Drone  
  19  1:39  Drone  
  20  1:49  Overlord  
  20  2:00  Queen x2  
  20  2:01  Zergling x4  
  26  2:10  Metabolic Boost  
  26  2:11  Drone x2  
  28  2:23  Drone x2  
  30  2:34  Hatchery  
  29  2:41  Queen  
  30  2:44  Drone  
  30  2:48  Overlord  
  30  2:50  Drone  
  32  2:53  Drone  
  32  2:55  Drone  
  34  3:02  Zergling x2  
  35  3:07  Drone  
  35  3:08  Overlord, Drone  
  35  3:11  Drone x2  
  39  3:15  Drone  
  39  3:18  Overlord  
  40  3:23  Queen  
  42  3:33  Zergling x4  
  42  3:34  Overlord, Drone  
  44  3:35  Drone  
  46  3:43  Overlord  
  46  3:44  Drone x3  
  49  3:49  Lair  
  50  3:55  Drone x2  
  50  3:56  Drone  
  50  3:59  Extractor  
  50  4:00  Extractor  
  50  4:01  Queen  
  52  4:03  Drone  
  52  4:07  Spore Crawler  
  52  4:09  Drone  
  53  4:10  Drone  
  53  4:11  Drone  
  53  4:16  Drone x2  
  57  4:20  Overlord  
  57  4:21  Drone x2  
  56  4:31  Drone x2  
  56  4:33  Drone x2  
  56  4:35  Drone x3  
  56  4:38  Spore Crawler  
  62  4:43  Drone x2  
  64  4:48  Overlord  
  64  4:53  Drone x4  
  64  4:56  Extractor  
  64  4:58  Overlord  
  65  5:03  Drone x2  
  65  5:04  Hydralisk Den  
  66  5:08  Zergling x4  
  66  5:09  Zergling x4  
  66  5:12  Zergling x4  
  71  5:17  Evolution Chamber, Zergling x2  
  71  5:18  Zergling x6  
  74  5:21  Overlord  
  74  5:23  Drone  
  74  5:26  Drone x2  
  77  5:42  Drone x2  
  76  5:43  Drone  
  76  5:46  Drone x6, Muscular Augments  
  76  5:47  Drone x3  
  86  5:53  Extractor x2  
  86  5:54  Zerg Missile Weapons Level 1, Lurker Den  
  86  5:56  Overseer  
  83  6:00  Drone  
  83  6:01  Drone x3  
  87  6:15  Overlord  
  84  6:19  Spore Crawler, Drone  
  84  6:21  Hydralisk  
  84  6:22  Hydralisk x6  
  93  6:36  Overlord  
  93  6:37  Hatchery, Hydralisk x2  
  96  6:45  Drone  
  96  6:46  Hydralisk x3  
  96  6:47  Baneling Nest  
  102  6:49  Zergling x6  
  105  6:54  Overlord  
  105  7:00  Hydralisk x4  
  113  7:07  Spore Crawler  
  110  7:10  Zergling x6  
  110  7:11  Zergling x4  
  111  7:16  Grooved Spines, Drone  
  111  7:19  Zergling x2  
  111  7:21  Lurker x5  
  118  7:24  Drone x3  
  118  7:28  Overlord x2  
  121  7:39  Infestation Pit  
  121  7:41  Drone  
  120  7:51  Hydralisk x2  
  120  7:55  Overlord  
  123  8:04  Overlord, Zergling x2  
  123  8:05  Zergling x26  
Show
View Real Time Build Order
Export as new Build Order

Hellraiser Protoss 

Build Orders: 1 Gate Expand, Oracle Opening, Phoenix Opening 

Get SALT Encoding   

  12  0:01  Probe  
  13  0:13  Probe  
  14  0:21  Pylon  
  14  0:25  Probe  
  15  0:35  Probe  
  15  0:42  Gateway  
  16  0:43  Probe  
  16  0:49  Assimilator  
  17  0:55  Probe  
  18  1:07  Probe  
  19  1:19  Nexus  
  19  1:24  Probe  
  20  1:34  Cybernetics Core  
  20  1:36  Probe  
  21  1:44  Assimilator  
  21  1:48  Probe  
  21  1:52  Pylon  
  22  1:59  Probe  
  22  2:00  Adept  
  23  2:07  Probe  
  26  2:15  Probe  
  26  2:19  Stargate  
  27  2:27  Probe  
  27  2:28  Probe  
  27  2:29  Warp Gate  
  28  2:34  Adept  
  28  2:36  Probe  
  31  2:39  Probe  
  33  2:46  Probe  
  35  2:51  Probe  
  35  2:57  Pylon  
  35  2:58  Probe  
  36  2:59  Phoenix  
  36  3:03  Probe  
  39  3:10  Probe  
  40  3:14  Gateway  
  40  3:15  Oracle, Probe  
  41  3:22  Probe, Assimilator  
  41  3:25  Assimilator  
  42  3:29  Probe  
  46  3:34  Probe  
  46  3:35  Pylon  
  47  3:41  Probe  
  47  3:46  Oracle, Probe  
  49  3:53  Probe  
  53  3:58  Probe, Robotics Facility  
  53  4:01  Forge  
  54  4:06  Probe  
  55  4:10  Probe  
  55  4:16  Pylon  
  56  4:17  Oracle  
  56  4:19  Probe  
  57  4:32  Probe  
  57  4:36  Probe, Protoss Ground Weapons Level 1  
  57  4:37  Adept x2  
  63  4:44  Pylon  
  63  4:45  Observer, Probe  
  66  4:53  Oracle  
  66  4:57  Probe  
  66  4:58  Adept  
  66  4:59  Adept  
  70  5:02  Nexus  
  73  5:11  Immortal  
  73  5:12  Pylon  
  77  5:16  Probe  
  78  5:25  Pylon  
  78  5:30  Probe  
  78  5:31  Probe  
  78  5:32  Oracle  
  83  5:42  Probe  
  78  5:45  Sentry x2  
  78  5:46  Probe  
  77  5:50  Immortal  
  77  5:52  Gateway  
  77  5:54  Gateway, Probe  
  78  5:58  Probe  
  83  6:06  Probe  
  83  6:10  Probe  
  83  6:13  Adept  
  83  6:14  Probe, Adept  
  83  6:18  Immortal, Probe  
  87  6:22  Probe  
  88  6:26  Probe  
  88  6:30  Probe  
  94  6:34  Probe, Robotics Bay  
  94  6:35  Gateway  
  94  6:38  Gateway  
  94  6:39  Probe  
  95  6:41  Sentry x2  
  95  6:42  Probe  
  95  6:46  Probe, Assimilator  
  101  6:49  Assimilator  
  101  6:51  Probe  
  101  6:52  Twilight Council  
  102  6:55  Zealot  
  102  6:56  Probe  
  102  6:58  Probe  
  106  7:03  Pylon  
  106  7:05  Colossus  
  106  7:22  Photon Cannon  
  106  7:24  Gateway  
  106  7:25  Shield Battery, Gateway  
  106  7:28  Forge  
  112  7:31  Pylon  
  112  7:40  Nexus  
  112  7:43  Pylon  
  112  7:46  Pylon  
  112  7:53  Probe x2  
  112  7:54  Probe  
  115  8:02  Zealot x2  
  115  8:03  Zealot x3  
  101  8:14  Probe  
  101  8:15  Probe  
Tags
 
Add a new tag
Caveats
  • Supply blocks, unpowered buildings, or Contaminate may cause inaccurate times.
  • Supply counts are checked every 10 seconds.